 Dungeon Crawl Stone Soup version 0.24.0-13-gcf9b3192b9 (webtiles) character file.

Game seed: 4703895193532435774, levelgen mode: deterministic

41992 bl3nd3r the Executioner (level 13, -10/118 (119) HPs)
             Began as a Minotaur Berserker on Nov 7, 2019.
             Was a High Priest of Trog.
             Shot with an arrow by Nessos (13 damage)
             ... on level 4 of the Lair of Beasts.
             The game lasted 00:50:30 (21005 turns).

bl3nd3r the Executioner (Minotaur Berserker)       Turns: 21005, Time: 00:50:31

HP:   -10/118 (119) AC: 17    Str: 29    XL:     13   Next: 83%
MP:   12/12         EV: 12    Int:  4    God:    Trog [*****.]
Gold: 381           SH:  0    Dex: 14    Spells: 12/12 levels left

rFire    . . .     SeeInvis .   a - +3 executioner's axe (freeze)
rCold    . . .     Gourm    .   (shield currently unavailable)
rNeg     + . .     Faith    +   I - +3 plate armour {rPois}
rPois    +         Spirit   .   p - +1 hat
rElec    .         Reflect  .   (no cloak)
rCorr    .         Harm     .   n - +0 pair of gloves
MR       ++...                  H - +0 pair of boots {Fly}
Stlth    ..........             W - amulet of faith
HPRegen  1.29/turn              X - ring of Thoughtfulness {EV+2 Str+4 Dex+2}
MPRegen  0.13/turn              k - ring of positive energy

@: corroded, flying, very slightly contaminated, regenerating
A: retaliatory headbutt, horns 2
a: Berserk, Trog's Hand, Brothers in Arms, Renounce Religion, Stop Flying


You were on level 4 of the Lair of Beasts.
You worshipped Trog.
Trog was extremely pleased with you.
You were not hungry.

You visited 2 branches of the dungeon, and saw 15 of its levels.
You also visited: Gauntlet.

You collected 1226 gold pieces.
You spent 845 gold pieces at shops.

Inventory:

Hand Weapons
 a - a +3 executioner's axe of freezing (weapon)
 b - a +4 scimitar of flaming
 E - a +1 hand axe
Missiles
 w - 26 javelins (quivered)
 V - 6 silver javelins
Armour
 m - a scarf of repulsion
 n - a +0 pair of gloves (worn)
 p - a +1 hat (worn)
 x - a +1 cloak
 H - a +0 pair of boots of flying (worn)
 I - a +3 plate armour of poison resistance (worn)
 T - a +3 leather armour of fire resistance
Jewellery
 i - an uncursed ring of poison resistance
 k - a ring of positive energy (right hand)
 N - an uncursed ring of ice
 S - the amulet of Neodoj {rElec rPois Regen+ Int-5 Dex+6}
   (You found it on level 9 of the Dungeon)

   [amulet of regeneration]

   It affects your intelligence (-5).
   It affects your dexterity (+6).
   It insulates you from electricity.
   It protects you from poison.
   It increases your rate of regeneration.
 W - an amulet of faith (around neck)
 X - the ring of Thoughtfulness (left hand) {EV+2 Str+4 Dex+2}
   (You found it in a Gauntlet)

   [ring of evasion]

   It affects your evasion (+2).
   It affects your strength (+4).
   It affects your dexterity (+2).
Wands
 o - a wand of disintegration (32)
 B - a wand of digging (9)
 F - a wand of enslavement (12)
 O - a wand of iceblast (26)
Scrolls
 e - 7 scrolls of identify
 f - 9 scrolls of teleportation
 g - 5 scrolls of enchant weapon
 j - 12 scrolls of remove curse
 q - 4 scrolls of magic mapping
 v - 3 scrolls of immolation
 y - 2 scrolls of fog
 G - 2 scrolls of amnesia
 L - 4 scrolls of fear
 M - a scroll of blinking
 U - a scroll of brand weapon
Potions
 d - 4 potions of lignification
 h - 2 potions of haste
 l - 6 potions of curing
 r - 3 potions of might
 s - 2 potions of brilliance {unknown}
 t - 6 potions of agility
 u - a potion of ambrosia {unknown}
 z - 2 potions of resistance {unknown}
 A - 5 potions of flight
 C - 2 potions of mutation {unknown}
 D - 2 potions of magic
 J - a potion of cancellation {unknown}
 K - a potion of experience {unknown}
 Y - 2 potions of heal wounds {unknown}
Comestibles
 c - 30 rations


   Skills:
 - Level 12.8 Fighting
 * Level 21.7 Axes
 - Level 9.3 Armour
 - Level 5.0 Dodging


You had 12 spell levels left.
You didn't know any spells.
Your spell library was empty.

Dungeon Overview and Level Annotations

Branches:
Dungeon (11/15)            Temple (0/1) D:7            Lair (4/6) D:11
 Shoals (0/4) Lair:3       Spider (0/4) Lair:2          Orc (0/2) D:11
Gauntlet (visited)

Altars:
Fedhas
Hepliaklqana
Kikubaaqudgha
Okawaru
Ru
Sif Muna
The Shining One

Shops:
D:8 [   D:10 [

Annotations:
D:7 1 runed translucent door
Lair:2 exclusion: oklob plant
Lair:3 exclusion: 4 oklob plants
Lair:4 exclusion: oklob plant, Nessos


Innate Abilities, Weirdness & Mutations

You reflexively headbutt those who attack you in melee.
You have a pair of horns on your head.


Message History

Nessos zaps a wand.
The bolt of acid hits you!
You are splashed with acid!
* * * LOW HITPOINT WARNING * * *
Nessos casts a spell.
Nessos seems to speed up.
Nessos wields a +3 longbow of flaming.
It bursts into flame!
Nessos shoots an arrow.
The arrow hits you!
* * * LOW HITPOINT WARNING * * *
The arrow burns you.
* * * LOW HITPOINT WARNING * * *
Nessos zaps a wand.
The bolt of acid hits you.
* * * LOW HITPOINT WARNING * * *
The acid corrodes you!
You are splashed with acid!
* * * LOW HITPOINT WARNING * * *
You see here an arrow.
Blink to where?
Press: ? - help, Dir - move target cursor You are very lightly contaminated with residual magic.
As you read the scroll of blinking, it crumbles to dust.
Nessos shoots an arrow.
The arrow hits you!
You die...

#####........#....c......##
#..#...................#
####................c....##
..().................(....#
......#...................#
(........................##
##.........PPPPPPPPPPP.P.#
.#...#.....P.....P.....P..#
.###..#....PPP.P@P.PPP.P..#
.. ........P...P...P...P.##
... .......P.P.PPP.PPPPP.P
#.. .... P P...P.....P.#
#..


PPPPP.PPPPP.# ... .......# ..# .P.PPP. .## .P.. ... PP?PP You could see Nessos.

Vanquished Creatures
  Gastronok (D:11)
  Kirke (Lair:4)
  A minotaur (Gauntlet)
  6 hydras
  A centaur warrior (D:11)
  Erica (D:9)
  A queen ant (Gauntlet)
  2 two-headed ogres (D:11)
  Nergalle (D:10)
  A skeletal warrior (D:11)
  Pikel (D:5)
  A necromancer (Gauntlet)
  A deep elf mage (D:11)
  An orc knight (D:11)
  2 cyclopes (D:11)
  A manticore (D:9)
  A black mamba (Lair:4)
  8 spiny frogs
  2 rime drakes
  A centaur skeleton (D:11)
  8 komodo dragons
  4 trolls
  A polar bear (Lair:2)
  3 queen bees
  A hornet (D:9)
  7 blink frogs (Lair:4)
  6 hippogriffs
  A ynoxinul (Gauntlet)
  A basilisk (Lair:4)
  3 wyverns
  A hungry ghost (D:9)
  5 hogs (Lair:4)
  27 yaks
  A vampire mosquito (D:11)
  Grum (D:9)
  5 soldier ants (Gauntlet)
  7 porcupines
  6 water moccasins
  A floating eye (Lair:3)
  A black bear (D:7)
  An orc warrior (D:9)
  4 ice beasts
  2 phantoms
  A necrophage (D:8)
  4 sky beasts
  4 centaurs
  5 ogres
  13 wolves
  4 crocodiles
  19 bullfrogs
  A wyvern zombie (D:11)
  A gnoll sergeant (D:10)
  4 scorpions
  49 killer bees
  4 wights (D:11)
  5 crimson imps
  A gnoll shaman (D:8)
  2 bullfrog zombies (D:11)
  A jelly (D:10)
  5 orc priests
  8 hounds
  4 iron imps (Gauntlet)
  2 bullfrog skeletons
  10 orc wizards
  8 worker ants
  2 iguanas (D:9)
  A hound zombie (D:10)
  2 hound skeletons
  A howler monkey zombie (D:7)
  13 gnolls
  11 adders
  2 shadow imps
  An ooze (D:3)
  4 worms
  3 dart slugs
  4 leopard geckos
  37 orcs
  6 giant cockroaches
  9 goblins
  3 hobgoblins
  11 quokkas
  A ball python (D:4)
  5 bats
  5 frilled lizards
  10 kobolds
  A leopard gecko skeleton (D:2)
  A leopard gecko zombie (D:5)
  A quokka zombie (D:7)
  7 rats
  8 fungi
  3 plants (D:11)
439 creatures vanquished.

Vanquished Creatures (collateral kills)
  Fannar (D:10)
  Joseph (D:10)
2 creatures vanquished.

Vanquished Creatures (others)
  A slave (D:5)
  An ogre (D:5)
  A phantom (D:5)
  An ooze (D:5)
  2 ball pythons (D:5)
  A quokka (D:5)
  2 bushes
  3 demonic plants (Gauntlet)
  26 fungi
  27 plants
65 creatures vanquished.

Grand Total: 506 creatures vanquished

Notes
Turn   | Place    | Note
-------+----------+-------------------------------------------
     0 | D:1      | bl3nd3r the Minotaur Berserker began the quest for the Orb.
     0 | D:1      | Reached XP level 1. HP: 19/19 MP: 0/0
   119 | D:1      | Reached skill level 4 in Axes
   263 | D:1      | Reached XP level 2. HP: 23/26 MP: 1/1
   426 | D:1      | Reached skill level 5 in Axes
   492 | D:1      | Reached XP level 3. HP: 25/31 MP: 2/2
   948 | D:2      | Reached ** piety under Trog
  1397 | D:2      | You fall into a shaft and drop 1 floor!
  1397 | D:3      | Found a hazy altar of Hepliaklqana.
  1402 | D:3      | Reached skill level 6 in Axes
  1402 | D:3      | Reached XP level 4. HP: 39/39 MP: 3/3
  1614 | D:3      | Reached skill level 7 in Axes
  1614 | D:3      | Reached XP level 5. HP: 42/45 MP: 4/4
  1989 | D:3      | Reached *** piety under Trog
  2038 | D:3      | Noticed a sky beast
  2052 | D:3      | Killed a sky beast
  2052 | D:3      | Reached skill level 8 in Axes
  2052 | D:3      | Reached XP level 6. HP: 33/51 MP: 5/5
  2679 | D:2      | Found an iron altar of Okawaru.
  2719 | D:2      | Noticed an ice beast
  2728 | D:2      | Killed an ice beast
  2913 | D:2      | Reached skill level 9 in Axes
  3458 | D:4      | Reached XP level 7. HP: 48/57 MP: 6/6
  3700 | D:4      | Reached skill level 10 in Axes
  4442 | D:5      | Entered Level 5 of the Dungeon
  4699 | D:5      | Noticed Pikel
  4723 | D:5      | Killed Pikel
  4723 | D:5      | Reached skill level 11 in Axes
  4723 | D:5      | Reached XP level 8. HP: 27/64 MP: 7/7
  5081 | D:5      | Reached skill level 12 in Axes
  6212 | D:6      | Reached skill level 5 in Fighting
  6889 | D:7      | Reached **** piety under Trog
  6915 | D:7      | Found a staircase to the Ecumenical Temple.
  6981 | D:7      | Found a runed translucent door.
  6983 | D:7      | Noticed a sixfirhy
  7103 | D:7      | Reached XP level 9. HP: 63/74 MP: 8/8
  7248 | D:7      | Found a shimmering blue altar of Sif Muna.
  7614 | D:8      | Found a sacrificial altar of Ru.
  7794 | D:8      | Found Acvuc's Antique Armour Shop.
  7799 | D:8      | Bought a shiny chain mail for 195 gold pieces
  7838 | D:8      | Reached skill level 13 in Axes
  8326 | D:8      | Noticed a queen bee
  8344 | D:8      | Reached skill level 5 in Armour
  8360 | D:8      | Killed a queen bee
  8569 | D:8      | Reached skill level 5 in Dodging
  8658 | D:8      | Found an iron altar of Okawaru.
  8664 | D:8      | Found an ancient bone altar of Kikubaaqudgha.
  8669 | D:8      | Found a glowing golden altar of the Shining One.
  8746 | D:8      | Reached XP level 10. HP: 81/87 MP: 9/9
  9082 | D:9      | Noticed Erica
  9119 | D:9      | Killed Erica
  9119 | D:9      | Received a gift from Trog
  9119 | D:9      | Reached skill level 14 in Axes
  9193 | D:9      | Noticed a manticore
  9198 | D:9      | Killed a manticore
  9936 | D:9      | Noticed Grum
  9948 | D:9      | Killed Grum
  9950 | D:9      | Reached skill level 10 in Fighting
 10471 | D:9      | Got a shimmering lead amulet
 10507 | D:9      | Identified the amulet of Neodoj {rElec rPois Regen+ Int-5
                  | Dex+6} (You found it on level 9 of the Dungeon)
 10669 | D:10     | Entered Level 10 of the Dungeon
 10708 | D:10     | Reached skill level 15 in Axes
 10759 | D:10     | Reached XP level 11. HP: 100/100 MP: 10/10
 10841 | D:10     | Found Holakho's Antique Armour Shop.
 10841 | D:10     | Noticed Nergalle
 10864 | D:10     | Killed Nergalle
 11032 | D:10     | Reached ***** piety under Trog
 11317 | D:10     | Noticed Joseph
 11319 | D:10     | Noticed Fannar
 11335 | D:10     | Killed Fannar
 11337 | D:10     | Killed Joseph
 12074 | D:11     | Found a staircase to the Lair.
 12079 | D:11     | Received a gift from Trog
 12212 | D:11     | Found a gate leading to a gauntlet.
 12250 | Gauntlet | Entered a Gauntlet
 12250 | Gauntlet | Found a transporter.
 12250 | Gauntlet | Found a transporter.
 12250 | Gauntlet | Noticed an orange crystal statue
 12259 | Gauntlet | Found a transporter.
 12269 | Gauntlet | Found a transporter.
 12284 | Gauntlet | Found a transporter.
 12292 | Gauntlet | Noticed a necromancer
 12294 | Gauntlet | Found a transporter.
 12309 | Gauntlet | Found a transporter.
 12315 | Gauntlet | Found a transporter.
 12317 | Gauntlet | Noticed a queen ant
 12334 | Gauntlet | Noticed a fire crab
 12342 | Gauntlet | Found a transporter.
 12429 | Gauntlet | Found a transporter.
 12429 | Gauntlet | Found a transporter.
 12795 | Gauntlet | Killed a necromancer
 12947 | Gauntlet | Got a twitching glass ring
 12985 | Gauntlet | Killed a queen ant
 12985 | Gauntlet | Reached skill level 16 in Axes
 13107 | Gauntlet | Noticed a minotaur
 13125 | Gauntlet | Killed a minotaur
 13472 | Gauntlet | Identified the +2 leather armour "Lecain" {rF- rC+ Str+5
                  | SInv} (You found it in a Gauntlet)
 13473 | Gauntlet | Identified the ring of Thoughtfulness {EV+2 Str+4 Dex+2}
                  | (You found it in a Gauntlet)
 13687 | D:11     | Noticed Gastronok
 13713 | D:11     | Killed Gastronok
 13713 | D:11     | Reached XP level 12. HP: 93/112 MP: 11/11
 13906 | D:11     | Found a staircase to the Orcish Mines.
 14209 | D:11     | Noticed a two-headed ogre
 14221 | D:11     | Killed a two-headed ogre
 14221 | D:11     | Reached skill level 17 in Axes
 14540 | D:11     | Noticed a centaur warrior
 14552 | D:11     | Killed a centaur warrior
 14794 | D:11     | Noticed a two-headed ogre
 14811 | D:11     | Killed a two-headed ogre
 14811 | D:11     | Reached skill level 18 in Axes
 15321 | D:10     | Bought a runed plate armour for 650 gold pieces
 15365 | Lair:1   | Entered Level 1 of the Lair of Beasts
 15669 | Lair:1   | Noticed a seven-headed hydra
 15764 | Lair:1   | Killed a five-headed hydra
 16645 | Lair:2   | Received a gift from Trog
 16657 | Lair:2   | Reached skill level 19 in Axes
 17084 | Lair:2   | Reached XP level 13. HP: 77/118 MP: 4/12
 17618 | Lair:2   | Identified a scroll of acquirement
 17661 | Lair:2   | Found a hole to the Spider Nest.
 18112 | Lair:2   | Found a blossoming altar of Fedhas.
 18130 | Lair:2   | Received a gift from Trog
 18589 | Lair:3   | Reached skill level 20 in Axes
 18987 | Lair:3   | Paralysed by a floating eye for 4 turns
 19094 | Lair:3   | Found a staircase to the Shoals.
 19530 | Lair:4   | Noticed Kirke
 19541 | Lair:4   | Killed Kirke
 19652 | Lair:4   | Reached skill level 21 in Axes
 20574 | Lair:4   | Noticed Nessos
 20582 | Lair:4   | Received a gift from Trog
 21003 | Lair:4   | HP: 1/118 [acid (14)]
 21005 | Lair:4   | Shot with an arrow by Nessos

Levels and vault maps discovered:
D:1:      dpeg_arrival_tiny_k, layout_loops_corners, serial_glass,
          glass_columns_c, glass_columns_c, feat_on_display,
          due_unseen_surprise, minmay_strange_pillars, minmay_strange_pillars
D:2:      layout_loops_cross, okawaru_ov_weapons_minmay
D:3:      layout_loops_ring, lemuel_coloured_pillars_altar
D:4:      layout_basic
D:5:      layout_loops_ring, first_ration, uniq_pikel
D:6:      layout_loops_ring
D:7:      cheibrodos_shockbox, layout_basic, lemuel_blue_sif_altar,
          minmay_temple_entry_glass
D:8:      layout_loops_ring, kennysheep_mini_moat, minitemple, serial_shops,
          shop, david_nohive_1
D:9:      layout_roguey, minivault_25_ag, minivault_22, uniq_grum, uniq_erica
D:10:     layout_basic, serial_shops, nicolae_shop_overgrown_old_shop,
          uniq_fannar, uniq_joseph, uniq_nergalle
D:11:     hangedman_cross_veins, layout_irregular_city,
          due_lair_maze_entry_diamond, orc_0_dummy, gauntlet_entry_generic,
          kennysheep_generic_room_8, uniq_gastronok
Lair:1:   layout_cave_pods
Lair:2:   layout_roguey [special_room_bee], nicolae_spider_entry_non_spiders,
          tgw_fedhas
Lair:3:   layout_hall_layers, shoals_dummy_entry,
          chequers_serial_rivers_micro_b, disabler_island, lemuel_fruit_fields
Lair:4:   layout_gridlike, minmay_lair_oklob_bushes, minmay_hedge_maze,
          uniq_kirke, uniq_nessos

Skill      XL: |  1  2  3  4  5  6  7  8  9 10 11 12 13 |
---------------+----------------------------------------+-----
Axes           | 4 5 6 7 8 9 11 12 13 15 16 19 21 | 21.7
Fighting       | 5 8 10 12 | 12.8
Armour         | 3 5 7 9 |  9.3
Dodging        | 3 5 |  5.0

Action                   |  1- 3 |  4- 6 |  7- 9 | 10-12 | 13-15 || total
-------------------------+-------+-------+-------+-------+-------++-------
Melee: Hand axe          |    66 |   114 |   302 |   667 |       ||  1149
       Headbutt          |    10 |    13 |    65 |   208 |    36 ||   332
       Executioner's axe |       |       |       |    32 |   144 ||   176
       Scimitar          |       |       |       |     5 |    27 ||    32
Invok: Berserk           |     1 |     2 |     2 |    12 |     4 ||    21
       Trog's Hand       |       |     1 |       |     7 |     3 ||    11
       Brothers in Arms  |       |       |       |     1 |       ||     1
  Use: Scroll            |     1 |     4 |     2 |    19 |     8 ||    34
 Stab: Sleeping          |       |       |     7 |       |       ||     7
  Eat: Chunk             |     1 |    10 |     9 |    19 |    12 ||    51
       Ration            |       |       |     3 |     8 |     1 ||    12
Armor: Animal skin       |     7 |       |       |       |       ||     7
       Leather armour    |     2 |    18 |    12 |       |       ||    32
       Ring mail         |       |       |     7 |       |       ||     7
       Chain mail        |       |       |    57 |   225 |       ||   282
       Plate armour      |       |       |       |   102 |   155 ||   257
Dodge: Dodged            |    36 |    47 |   133 |   335 |   151 ||   702
       Deflected         |     3 |     1 |       |    11 |       ||    15
       Rpst.: Scimitar   |       |       |       |     1 |     8 ||     9
